 Dungeon Crawl Stone Soup version 0.21-a0-404-g291f19a (webtiles) character file.

5854 exp172 the Cleaver (level 10, -5/84 HPs)
             Began as a Minotaur Fighter on Oct 25, 2017.
             Was a Believer of Qazlal.
             Slain by an orc warrior
             ... wielding a +0 long sword
             ... led by an orc warlord
              (10 damage)
             ... on level 1 of the Orcish Mines on Oct 27, 2017.
             The game lasted 01:32:16 (10019 turns).

exp172 the Cleaver (Minotaur Fighter)              Turns: 10019, Time: 01:32:16

Health: -5/84      AC: 14    Str: 24    XL:     10   Next: 52%
Magic:  6/9        EV: 11    Int:  5    God:    Qazlal [**....]
Gold:   450        SH: 15    Dex: 10    Spells: 9/9 levels left

rFire    . . .     SeeInvis +   t - +1 war axe
rCold    . . .     Gourm    .   c - +0 shield
rNeg     . . .     Faith    .   y - +2 ring mail {rPois}
rPois    +         Spirit   .   (helmet restricted)
rElec    .         Reflect  .   M - +2 cloak {+Inv}
rCorr    .         Harm     .   (no gloves)
MR       .....                  e - +0 pair of boots
Stlth    +.........             (no amulet)
HPRegen  0.24/turn              B - ring of stealth
MPRegen  0.11/turn              E - ring of see invisible

@: flying
A: retaliatory headbutt, horns 2
a: Upheaval, Renounce Religion, Evoke Invisibility


You were on level 1 of the Orcish Mines.
You worshipped Qazlal.
Qazlal was pleased with you.
You were not hungry.

You visited 3 branches of the dungeon, and saw 11 of its levels.

You collected 450 gold pieces.

Inventory:

Hand Weapons
 p - a +1 hand axe of chopping
 t - a +1 war axe (weapon)
 H - a +0 blowgun
 J - a +0 hand axe
 L - a +1 dagger of draining
 N - a +0 flail
 Q - a +3 scimitar of flaming
Missiles
 g - 192 stones (quivered)
 j - 122 arrows
 A - 23 poisoned needles
 F - 6 needles of confusion
Armour
 c - a +0 shield (worn)
 e - a +0 pair of boots (worn)
 y - a +2 ring mail of poison resistance (worn)
 I - a +1 ring mail of cold resistance
 M - a +2 cloak of invisibility (worn)
Jewellery
 B - a ring of stealth (left hand)
 E - a ring of see invisible (right hand)
Wands
 n - a wand of random effects (18/48)
 r - a wand of iceblast (9/15)
 u - a wand of random effects (29/48)
 z - a wand of polymorph (0/24)
 O - a wand of iceblast (5/15)
Scrolls
 a - a scroll of amnesia {unknown}
 f - 6 scrolls of remove curse
 h - 3 scrolls of immolation {unknown}
 i - 2 scrolls of fear {unknown}
 l - 2 scrolls of magic mapping {unknown}
 q - 2 scrolls of teleportation {unknown}
 s - 5 scrolls of identify
 w - a scroll of enchant armour {unknown}
 x - 3 scrolls of recharging {unknown}
 K - a scroll of summoning {unknown}
 P - a scroll of blinking {unknown}
Potions
 d - a potion of might
 k - a potion of lignification
 m - 3 potions of curing
 D - a potion of heal wounds {unknown}
 G - 2 potions of resistance {unknown}
Comestibles
 b - a bread ration
 o - 6 royal jellies
 v - a fruit


   Skills:
 + Level 6.7 Fighting
 + Level 10.8 Axes
 + Level 2.0 Throwing
 * Level 10.5 Armour
 + Level 4.4 Dodging
 + Level 1.0 Stealth
 + Level 9.6 Shields
 + Level 0.2 Invocations


You had 9 spell levels left.
You didn't know any spells.

Dungeon Overview and Level Annotations

Branches:
Dungeon (9/15)             Temple (1/1) D:7             Orc (1/2) D:9
   Lair: D:8-11

Altars:
Ashenzari
Cheibriados
Elyvilon
Fedhas
Gozag
Hepliaklqana
Kikubaaqudgha
Makhleb
Nemelex Xobeh
Okawaru
Qazlal
Ru
Sif Muna
Trog
Uskayaw
Vehumet
Wu Jian
Xom
Yredelemnul
Zin
The Shining One

Annotations:
D:4 Menkaure
D:8 Gastronok
D:9 zero's ghost, novice DrBe


Innate Abilities, Weirdness & Mutations

You reflexively headbutt those who attack you in melee.
You have a pair of horns on your head.


Message History

The orc warrior closely misses you.
You hit the orc warrior but do no damage.
Your headbutt misses the orc warrior. You block the orc warrior's attack.
You hit the orc warrior but do no damage.
You headbutt the orc warrior, but do no damage.
You block the orc warrior's attack.
You closely miss the orc warrior. The orc warrior barely misses you.
The orc warrior completely misses you.
You slash the orc warrior! Your headbutt misses the orc warrior.
The orc warrior is moderately wounded.
You block the orc warrior's attack.
The orc warrior hits you but does no damage.
You closely miss the orc warrior. Your headbutt misses the orc warrior.
The orc warrior is moderately wounded.
You block the orc warrior's attack.
You closely miss the orc warrior. Your headbutt misses the orc warrior.
The orc warrior is moderately wounded.
You block the orc warrior's attack.
The orc warrior hits you with a long sword!
You die...

##..###)###..#.oo...
#####...##..o# .
##o####(#.# #...#
##....... ##.##
....... #..# #.#.#..
#.o## #.#.$. #..ยง##
.. $. ##.o@# .. .
##)## ... ###


You could see 2 orc warriors.

Vanquished Creatures
  Erolcha (D:9)
  Erica (D:9)
  A two-headed ogre (D:9)
  Maurice (D:9)
  2 trolls
  5 orc warriors
  2 sky beasts (D:9)
  A black bear (D:9)
  A phantom (D:3)
  3 ogres
  A big kobold (D:8)
  5 bullfrogs
  A gnoll sergeant (D:7)
  A water moccasin skeleton (D:9)
  3 scorpions
  5 howler monkeys
  5 crimson imps
  3 centaur zombies
  7 hounds
  3 iguanas
  2 orc priests
  2 jellies (D:8)
  Ijyb (D:5)
  5 worker ants
  A killer bee zombie (D:9)
  2 hound skeletons (D:5)
  A howler monkey zombie (D:7)
  A howler monkey skeleton (D:5)
  10 adders
  9 gnolls
  A shadow imp (D:8)
  2 adder skeletons
  2 worms
  A dart slug (D:1)
  6 leopard geckos
  15 orcs
  A ball python (D:5)
  6 giant cockroaches
  6 goblins
  2 hobgoblins
  10 jackals
  8 kobolds
  8 bats
  3 frilled lizards
  9 rats
166 creatures vanquished.

Notes
Turn   | Place    | Note
-------+----------+-------------------------------------------
     0 | D:1      | exp172 the Minotaur Fighter began the quest for the Orb.
     0 | D:1      | Reached XP level 1. HP: 19/19 MP: 0/0
   270 | D:1      | Reached XP level 2. HP: 27/27 MP: 1/1
  1051 | D:1      | Reached XP level 3. HP: 26/33 MP: 2/2
  1522 | D:2      | Reached XP level 4. HP: 40/40 MP: 3/3
  1936 | D:2      | Found a sparkling altar of Nemelex Xobeh.
  2110 | D:2      | Found a deep blue altar of Sif Muna.
  2280 | D:3      | Found a stormy altar of Qazlal.
  2289 | D:3      | Became a worshipper of Qazlal Stormbringer
  2307 | D:3      | Reached skill level 5 in Armour
  2397 | D:3      | Reached XP level 5. HP: 30/47 MP: 4/4
  2530 | D:3      | Noticed Ijyb
  2875 | D:4      | Noticed a phantom
  2920 | D:3      | Killed a phantom
  2931 | D:4      | Reached XP level 6. HP: 28/53 MP: 5/5
  3100 | D:4      | Upgraded the game from 0.21-a0-401-g0b6bec4 to 0.21-a0-404-g291f19a
  3498 | D:4      | Reached skill level 5 in Shields
  3669 | D:4      | Reached XP level 7. HP: 48/60 MP: 6/6
  3863 | D:4      | Noticed Menkaure
  3941 | D:4      | Found a hide-covered altar of Uskayaw.
  3941 | D:4      | Found an iron altar of Okawaru.
  3989 | D:5      | Entered Level 5 of the Dungeon
  4054 | D:5      | Reached skill level 1 in Dodging
  4126 | D:5      | Killed Ijyb
  4126 | D:5      | Reached skill level 5 in Axes
  4133 | D:5      | Reached * piety under Qazlal
  4726 | D:5      | Found an iron altar of Okawaru.
  5595 | D:7      | Found a sparkling altar of Nemelex Xobeh.
  5607 | D:7      | Reached XP level 8. HP: 67/67 MP: 7/7
  6124 | D:7      | Found a sand-covered staircase.
  6328 | D:7      | Found a burning altar of Makhleb.
  6389 | D:7      | Found a staircase to the Ecumenical Temple.
  6474 | Temple   | Entered the Ecumenical Temple
  6873 | D:8      | Noticed Gastronok
  6873 | D:8      | Noticed Erica
  7100 | D:8      | Reached skill level 5 in Fighting
  7128 | D:8      | Reached ** piety under Qazlal
  7647 | D:9      | Reached skill level 1 in Stealth
  7718 | D:9      | Noticed zero's ghost (novice DrBe)
  7718 | D:9      | Noticed a troll
  7719 | D:9      | Found an ancient bone altar of Kikubaaqudgha.
  7966 | D:9      | Reached skill level 1 in Throwing
  8332 | D:9      | Noticed Maurice
  8354 | D:9      | Killed Maurice
  8354 | D:9      | Reached XP level 9. HP: 74/74 MP: 8/8
  8693 | D:9      | Killed a troll
  8840 | D:9      | Found a staircase to the Orcish Mines.
  8959 | D:9      | Noticed a two-headed ogre
  8973 | D:9      | Killed a two-headed ogre
  9017 | D:9      | Killed Erica
  9017 | D:9      | Reached skill level 10 in Axes
  9017 | D:9      | Reached skill level 10 in Armour
  9017 | D:9      | Reached XP level 10. HP: 30/84 MP: 9/9
  9341 | D:9      | Noticed Erolcha
  9355 | D:9      | Killed Erolcha
  9667 | Orc:1    | Entered Level 1 of the Orcish Mines
 10006 | Orc:1    | HP: 2/84 [orc warrior/battleaxe[an orc warlord] (11)]
 10019 | Orc:1    | Slain by an orc warrior

Vault maps used:
D:1:      evilmike_arrival_run_for_it
D:2:      marbit_many_paths, lemuel_blue_sif_altar
D:3:      lemuel_coloured_pillars_altar, grunt_qazlal_sundering, uniq_ijyb
D:4:      gammafunk_temple_overflow_elements, first_bread, uniq_menkaure
D:5:      kennysheep_okawaru_gauntlet
D:7:      makhleb_heckhound_becter, minmay_temple_entry_crystal_x,
          enter_ossuary_2, basic_altar
D:8:      uniq_gastronok, uniq_erica
D:9:      kiku_gazebo_pond_becter, kennysheep_generic_room_13, uniq_erolcha,
          uniq_maurice
Temple:   regret_index_temple_generic_petals
Orc:1:    serial_shops, nicolae_shop_crystal, minmay_orc_temple_b

Skill      XL: |  1  2  3  4  5  6  7  8  9 10 |
---------------+-------------------------------+-----
Armour         | 4 5 6 7 8 9 10 | 10.5
Shields        | 4 5 6 7 8 9 |  9.6
Fighting       | 4 5 6 |  6.7
Axes           | 3 4 5 8 10 | 10.8
Dodging        | 1 2 3 4 |  4.4
Stealth        | 1 |  1.0
Throwing       | 2 |  2.0
Invocations    | |  0.2

Action                   |  1- 3 |  4- 6 |  7- 9 | 10-12 || total
-------------------------+-------+-------+-------+-------++-------
Melee: War axe           |    80 |   107 |   344 |    66 ||   597
       Headbutt          |     7 |    16 |    56 |    22 ||   101
 Fire: Blowgun           |       |       |     3 |       ||     3
Throw: Stone             |     2 |       |    23 |       ||    25
Invok: Upheaval          |       |       |     1 |     1 ||     2
  Use: Scroll            |       |     2 |     3 |       ||     5
       Potion            |       |       |     2 |     2 ||     4
  Eat: Chunk             |     2 |       |       |       ||     2
       Bread ration      |       |     2 |       |     1 ||     3
       Meat ration       |       |     1 |     1 |       ||     2
       Fruit             |       |       |     6 |       ||     6
Armor: Scale mail        |    42 |    47 |    13 |       ||   102
       Ring mail         |       |       |    82 |    21 ||   103
       Skin              |       |       |    12 |       ||    12
Dodge: Dodged            |    21 |    24 |   114 |    35 ||   194
Block: Shield            |    40 |    46 |   242 |    65 ||   393

Table legend:
 A = Spawn XP
 B = Non-spawn XP
 C = Spawn XP percentage of total XP
 D = Spawn monster count
 E = Non-spawn monster count
 F = Spawn count percentage of total count
 G = Total turns spent on level
                    A         B        C        D         E        F      G
               +---------+---------+-------+---------+---------+-------+---------
         Total |       0 |    8364 |   0.0 |       0 |     166 |   0.0 | 10019
               +---------+---------+-------+---------+---------+-------+---------
           D:1 |       0 |      46 |   0.0 |       0 |      19 |   0.0 |  1070
           D:2 |       0 |      66 |   0.0 |       0 |      15 |   0.0 |  1138
           D:3 |       0 |     219 |   0.0 |       0 |      17 |   0.0 |   710
           D:4 |       0 |     403 |   0.0 |       0 |      10 |   0.0 |  1071
           D:5 |       0 |     364 |   0.0 |       0 |      15 |   0.0 |   805
           D:6 |       0 |     121 |   0.0 |       0 |       8 |   0.0 |   740
           D:7 |       0 |     585 |   0.0 |       0 |      15 |   0.0 |  1180
           D:8 |       0 |     445 |   0.0 |       0 |      19 |   0.0 |  1129
           D:9 |       0 |    4977 |   0.0 |       0 |      35 |   0.0 |  1521
         Orc:1 |       0 |    1138 |   0.0 |       0 |      13 |   0.0 |   352
               +---------+---------+-------+---------+---------+-------+---------
